 Dungeon Crawl Stone Soup version 0.30-a0-1163-gf69bf04e7a (console) character file.

Game seed: 6951483679085376456

7144 grekbar the Spear-Bearer (level 10, -6/98 HPs)
             Began as a Troll Fighter on Apr 28, 2023.
             Was a High Priest of Ashenzari.
             Mangled by a yak (12 damage)
             ... on level 1 of the Lair of Beasts.
             The game lasted 00:51:13 (7619 turns).

grekbar the Spear-Bearer (Troll Fighter)            Turns: 7619, Time: 00:51:13

Health: -6/98      AC:  9    Str: 33    XL:     10   Next: 85%
Magic:  18/18      EV: 16    Int:  4    God:    Ashenzari [*****.]
Gold:   567        SH:  0    Dex:  9    Spells: 9/9 levels left

rFire   + . .        v - +2 halberd {freeze, Fly MP+9 Str+3, Range, Comp} (curse)
rCold   + . .        (shield currently unavailable)
rNeg    . . .        M - +0 steam dragon scales "Negation of Ashenzari" {Evo, Fort} (curse)
rPois   .            (helmet restricted)
rElec   +            (no cloak)
rCorr   +            (gloves unavailable)
SInv    +            (boots unavailable)
Will    .....        s - amulet of Ashenzari's Jealousy {Regen+, Evo, Range} (curse)
Stlth   ++           u - ring of the Mantic Portent {*Slow rElec rC++ rCorr EV+5, Elem, Alch} (curse)
HPRegen 1.96/turn    E - ring "Ensconced Portent" {Fire, Evo, Elem} (curse)
MPRegen 0.16/turn

%: slow self (1%), clarity
@: about to teleport, flying
A: large, unfitting armour, claws 3, regeneration 1, shaggy fur 1, tough skin 1,
iridescent scales 1
a: Renounce Religion, Shatter the Chains


You were on level 1 of the Lair of Beasts.
You worshipped Ashenzari.
Ashenzari was extremely pleased with you.
You visited 3 branches of the dungeon, and saw 10 of its levels.

You collected 567 gold pieces.

Inventory:

Hand Weapons
 e - a +2 short sword of distortion
 j - a +0 shortbow
 m - a +2 dagger of holy wrath
 q - a +1 whip of flaming
 v - the cursed +2 halberd "Astral Paranoia" (weapon) {freeze, Fly MP+9 Str+3, Range, Comp}
   (You found it on level 4 of the Dungeon)

   Str:       It affects your strength (+3).
   MP:        It affects your magic capacity (+9).
   Fly:       It grants you flight.
   It has a curse which improves the following skills: Ranged Combat: Ranged
   Weapons and Throwing.
   Companions: Summonings and Necromancy.
 y - a +2 scimitar of pain
 C - a +2 dagger of holy wrath
 K - a +0 giant spiked club
Armour
 b - a +1 kite shield
 M - the cursed +0 steam dragon scales "Negation of Ashenzari" (worn) {Evo, Fort}
   (You found it on level 8 of the Dungeon)

   It has a curse which improves the following skills: Evocations: Evocations.
   Fortitude: Armour and Shields.
Magical Staves
 k - a staff of death
Jewellery
 d - a ring of protection from fire
 s - the cursed amulet of Ashenzari's Jealousy (around neck) {Regen+, Evo, Range}
   (You found it on level 3 of the Dungeon)

   [amulet of regeneration]

   Regen:     It increases your rate of health regeneration.
   It has a curse which improves the following skills: Evocations: Evocations.
   Ranged Combat: Ranged Weapons and Throwing.
 u - the cursed ring of the Mantic Portent (left claw) {*Slow rElec rC++ rCorr EV+5, Elem, Alch}
   (You found it on level 5 of the Dungeon)

   [ring of evasion]

   EV:        It affects your evasion (+5).
   rC:        It greatly protects you from cold.
   rElec:     It insulates you from electricity.
   rCorr:     It protects you from acid and corrosion.
   *Slow:     It may slow you when you take damage.
   It has a curse which improves the following skills: Elements: Fire Magic, Ice
   Magic, Air Magic and Earth Magic.
   Alchemy:   Poison Magic and Transmutations.
 w - a ring of ice
 D - an amulet of the acrobat
 E - the cursed ring "Ensconced Portent" (right claw) {Fire, Evo, Elem}
   (You found it on level 6 of the Dungeon)

   [ring of fire]

   It enhances your fire magic.
   rF:        It protects you from fire.
   rC:        It makes you vulnerable to cold.
   It has a curse which improves the following skills: Evocations: Evocations.
   Elements:  Fire Magic, Ice Magic, Air Magic and Earth Magic.
 I - an amulet of reflection
Wands
 p - a wand of acid (5)
 t - a wand of polymorph (9)
 B - a wand of digging (7)
 F - a wand of iceblast (12)
Scrolls
 a - a scroll of noise
 f - a scroll of silence
 g - 2 scrolls of magic mapping
 h - 7 scrolls of identify
 i - a scroll of immolation
 l - 2 scrolls of brand weapon
 n - 3 scrolls of fog
 x - 4 scrolls of poison
Potions
 c - a potion of might
 r - a potion of degeneration
 z - a potion of flight
 A - a potion of invisibility
 G - a potion of brilliance
 H - 3 potions of attraction


   Skills:
 + Level 6.2 Fighting
 + Level 9.3 Polearms
 + Level 6.4 Dodging
 + Level 2.4 Stealth
 + Level 4.2(6.2) Shields
 + Level 5.7 Unarmed Combat
 + Level 0.1(0.7) Evocations


You had 9 spell levels left.
You didn't know any spells.
Your spell library contained the following spells:

 Spells                   Type           Power      Damage    Failure   Level
 Sandblast                Erth           0%         2d4       43%         1
 Shock                    Conj/Air       0%         1d3       47%         1
 Passwall                 Tmut/Erth      0%         N/A       58%         2
 Poisonous Vapours        Pois/Air       0%         N/A       58%         2
 Cigotuvi's Dreadful Rot  Necr/Pois/Air  0%         N/A       61%         2
 Swiftness                Air            0%         N/A       82%         3
 Mephitic Cloud           Conj/Pois/Air  0%         N/A       85%         3
 Stone Arrow              Conj/Erth      0%         3d7       85%         3
 Volatile Blastmotes      Fire/Tloc      0%         2d10      85%         3
 Dazzling Flash           Conj/Hex       0%         N/A       86%         3
 Airstrike                Air            0%         2d(0-16)  99%         4
 Dispel Undead            Necr           0%         3d6       99%         4
 Iskenderun's Mystic Bla  Conj/Tloc      0%         2d3       99%         4
 Summon Lightning Spire   Summ/Air       0%         N/A       99%         4
 Freezing Cloud           Conj/Ice/Air   0%         6-21      100%        5
 Death Channel            Necr           0%         N/A       100%        6
 Starburst                Conj/Fire      0%         6d3       100%        6
 Storm Form               Tmut/Air       0%         N/A       100%        7
 Maxwell's Capacitive Co  Air            0%         ∞         100%        8


Dungeon Overview and Level Annotations

Branches:
Dungeon (8/15)             Temple (1/1) D:4            Lair (1/5) D:8

Altars:
Ashenzari
Cheibriados
Dithmenos
Fedhas
Gozag
Hepliaklqana
Kikubaaqudgha
Makhleb
Nemelex Xobeh
Okawaru
Qazlal
Ru
Sif Muna
Trog
Uskayaw
Vehumet
Wu Jian
Xom
Yredelemnul
Zin
The Shining One

Shops:
D:5 *


Innate Abilities, Weirdness & Mutations

You are too large for most types of armour.
You have claws for hands.
Your natural rate of healing is unusually fast.
You are covered in fur. (AC +1)
You have tough skin. (AC +1)
You are partially covered in iridescent scales. (AC +2)


Message History

You kill the yak!
The yak gores you! The yak gores you. The yak gores you!
The yak attacks as you move away! The yak completely misses you.
The yak gores you! The yak attacks as you move away!
The yak gores you but does no damage. The yak attacks as you move away!
The yak closely misses you. The yak attacks as you move away!
The yak gores you but does no damage. The yak attacks as you move away!
The yak gores you. The yak attacks as you move away! The yak barely misses you.
The yak attacks as you move away! The yak gores you!
* * * LOW HITPOINT WARNING * * *
You hit the yak. You freeze the yak.
The yak is lightly wounded.
The yak barely misses you. The yak gores you.
* * * LOW HITPOINT WARNING * * *
You feel better. The yak misses you.
Reach: v) +2 halberd {freeze, Fly MP+9 Str+3, Range, Comp} (curse)
Press: ? - help, Dir - move target, f - yak
Aim: a yak (lightly wounded, about 30% to evade the cursed +2 halberd "Astral Paranoia")
You hit the yak. You freeze the yak.
The yak is heavily wounded.
The yak closely misses you. The yak barely misses you. The yak gores you.
Reach: v) +2 halberd {freeze, Fly MP+9 Str+3, Range, Comp} (curse)
Press: ? - help, Dir - move target, f/p - yak
Aim: a yak (heavily wounded, about 30% to evade the cursed +2 halberd "Astral Paranoia")
You puncture the yak! You freeze the yak.
The yak is severely wounded.
The yak gores you but does no damage. The yak misses you.
The yak gores you but does no damage. The yak gores you!
* * * LOW HITPOINT WARNING * * *
The yak gores you!
* * * LOW HITPOINT WARNING * * *
The yak gores you but does no damage.
As you read the scroll of teleportation, it crumbles to dust.
You feel strangely unstable.
The yak barely misses you. x2; The yak misses you.
The yak attacks as you move away! The yak gores you.
* * * LOW HITPOINT WARNING * * *
The yak attacks as you move away! The yak gores you!
* * * LOW HITPOINT WARNING * * *
The yak attacks as you move away! The yak gores you!
You die...

## #...#*
#.###...####
##..........
#..>........
##.......... ###
#P..........
####.#####..........
##............#######
#P...........##
*#.Y@........#*
#.YY.........#
###...........##
#...###########
#...## #....###
#.....P# #.....##
#.....# * #.....##


You could see 3 yaks.

Vanquished Creatures
  Pikel (D:7)
  An ugly thing (D:8)
  The ghost of GenialerGandalf the Cleaver, a novice HOCK of Beogh (D:6)
  3 cane toads (Lair:1)
  Prince Ribbit (D:8)
  A hornet (D:8)
  Sigmund (D:3)
  2 wyverns
  3 yaks (Lair:1)
  A steam dragon (D:8)
  An acid dragon (D:4)
  Duvessa (D:5)
  5 water moccasins
  An orc warrior (D:6)
  3 sky beasts
  An ice beast (D:5)
  An ogre (D:7)
  4 centaurs
  3 phantoms
  4 lemures (D:7)
  4 kobold brigands
  5 bullfrogs
  A scorpion (D:6)
  Dowan (D:5)
  6 killer bees (D:7)
  3 howler monkeys (D:7)
  5 hounds
  A jelly (D:4)
  4 orc priests
  3 sleepcaps
  Natasha (thrice) (D:2)
  2 iguanas
  4 orc wizards
  A river rat (D:6)
  9 adders
  6 dart slugs
  24 orcs
  7 endoplasms
  6 giant cockroaches
  10 goblins
  8 hobgoblins
  5 jackals (D:2)
  6 quokkas
  7 ball pythons
  9 bats
  4 frilled lizards (D:1)
  22 kobolds
  9 rats
214 creatures vanquished.

Vanquished Creatures (others)
  2 fungi (Lair:1)
  A plant (Lair:1)
3 creatures vanquished.

Grand Total: 217 creatures vanquished

Notes
Turn   | Place    | Note
-------+----------+-------------------------------------------
     0 | D:1      | grekbar the Troll Fighter began the quest for the Orb.
     0 | D:1      | Reached XP level 1. HP: 22/22 MP: 0/0
   160 | D:1      | Gained mutation: You are partially covered in iridescent
                  | scales. (AC +2) [potion of mutation]
   165 | D:1      | Found a faded altar of an unknown god.
   170 | D:1      | Prayed at the altar of an unknown god.
   170 | D:1      | Became a worshipper of Ashenzari the Shackled
   173 | D:1      | Reached XP level 2. HP: 29/29 MP: 1/1
   706 | D:1      | Reached XP level 3. HP: 36/36 MP: 2/2
  1267 | D:2      | Reached XP level 4. HP: 44/44 MP: 3/3
  1417 | D:2      | Noticed Natasha
  1426 | D:2      | Killed Natasha
  1500 | D:2      | Noticed Natasha
  1504 | D:2      | Killed Natasha
  1505 | D:2      | Reached XP level 5. HP: 49/50 MP: 4/4
  1549 | D:2      | Noticed Natasha
  1558 | D:2      | Killed Natasha
  1720 | D:3      | Noticed Sigmund
  1734 | D:3      | Killed Sigmund
  1735 | D:3      | Reached XP level 6. HP: 49/59 MP: 5/5
  1753 | D:3      | Found a hide-covered altar of Uskayaw.
  1753 | D:3      | Found an opulent altar of Gozag.
  2409 | D:4      | Reached * piety under Ashenzari
  2749 | D:4      | Found a large runed translucent door.
  2750 | D:4      | Found a large runed translucent door.
  2753 | D:4      | Identified the +2 halberd of Starshine {freeze, Fly MP+9
                  | Str+3}
  2755 | D:4      | Found a large runed translucent door.
  2755 | D:4      | Found a large runed translucent door.
  2758 | D:4      | Noticed an acid dragon
  2771 | D:4      | Killed an acid dragon
  2772 | D:4      | Reached skill level 5 in Unarmed Combat
  2772 | D:4      | Reached XP level 7. HP: 9/66 MP: 6/6
  2959 | D:4      | Found a staircase to the Ecumenical Temple.
  3110 | D:4      | Reached skill level 1 in Polearms
  3186 | D:4      | Reached skill level 2 in Polearms
  3201 | D:4      | Reached skill level 1 in Stealth
  3332 | D:5      | Entered Level 5 of the Dungeon
  3343 | D:5      | Found a shadowy altar of Dithmenos.
  3397 | D:5      | Reached XP level 8. HP: 67/75 MP: 7/7
  3509 | D:5      | Reached skill level 3 in Polearms
  3531 | D:5      | Noticed Dowan
  3532 | D:5      | Noticed Duvessa
  3540 | D:5      | Killed Duvessa
  3547 | D:5      | Killed Dowan
  3643 | D:5      | Found Seyrr's General Store.
  3675 | D:5      | Reached ** piety under Ashenzari
  3675 | D:5      | Reached *** piety under Ashenzari
  3849 | D:5      | Identified the ring "Supiog" {*Slow rElec rC++ rCorr EV+5}
  4109 | D:6      | Found a runed translucent door.
  4110 | D:6      | Noticed GenialerGandalf's ghost (novice HOCK)
  4127 | D:6      | Reached skill level 4 in Polearms
  4149 | D:6      | Killed GenialerGandalf's ghost
  4150 | D:6      | Reached skill level 5 in Polearms
  4154 | D:6      | Found a runed translucent door.
  4280 | D:6      | Reached XP level 9. HP: 51/85 MP: 8/8
  4391 | D:6      | Found a snail-covered altar of Cheibriados.
  4392 | D:6      | Reached **** piety under Ashenzari
  4688 | D:6      | Reached skill level 5 in Dodging
  4850 | D:6      | Reached ***** piety under Ashenzari
  5215 | D:7      | Reached skill level 6 in Polearms
  5219 | D:7      | HP: 2/87 [cloud of flame (8)]
  5219 | D:7      | Noticed Pikel
  5290 | D:7      | Killed Pikel
  5291 | D:7      | Reached skill level 5 in Fighting
  5774 | D:7      | Reached skill level 7 in Polearms
  5970 | D:7      | Reached XP level 10. HP: 74/96 MP: 9/9
  6297 | D:8      | Noticed Prince Ribbit
  6309 | D:8      | Killed Prince Ribbit
  6384 | D:8      | Identified the +0 ring mail of the Kangaroo {Regen+}
  6393 | D:8      | Noticed a red ugly thing
  6403 | D:8      | Killed a red ugly thing
  6404 | D:8      | Reached skill level 8 in Polearms
  6444 | D:8      | Paralysed by a hornet for 3 turns
  6452 | D:8      | Paralysed by a hornet for 2 turns
  6464 | D:8      | Paralysed by a hornet for 3 turns
  6706 | D:8      | Found a staircase to the Lair.
  7028 | Temple   | Entered the Ecumenical Temple
  7253 | Lair:1   | Entered Level 1 of the Lair of Beasts
  7271 | Lair:1   | Noticed a cane toad
  7276 | Lair:1   | Killed a cane toad
  7363 | Lair:1   | Noticed a cane toad
  7370 | Lair:1   | Killed a cane toad
  7398 | Lair:1   | Noticed a cane toad
  7407 | Lair:1   | Killed a cane toad
  7411 | Lair:1   | Reached skill level 9 in Polearms
  7618 | Lair:1   | HP: 4/98 [yak (7)]
  7619 | Lair:1   | Mangled by a yak

Illustrated notes

Levels and vault maps discovered:
D:1:      beargit_arrival_diablo_church, layout_basic,
          ebering_ecumenical_altar_abandoned
D:2:      minmay_skewed_foursquare, layout_basic, serial_corexii_hall,
          corexii_hall_statues_u, corexii_hall_statues_x,
          minmay_indecisive_spiral, uniq_natasha
D:3:      layout_basic, gammafunk_temple_overflow_pools,
          chequers_serial_rivers_micro_a, grunt_decor_clamped,
          hangedman_abyss_or_decor_stabs, hangedman_abyss_or_decor_lesser_grid,
          columned_hall_lemuel, uniq_sigmund
D:4:      layout_rooms, minmay_temple_entry_stoned_glass,
          minmay_hollow_rounded_squares
D:5:      layout_loops_ring, grunt_dithmenos_smoke_and_mirrors, serial_shops,
          shop, uniq_duvessa
D:6:      layout_loops_corners, nicolae_overflow_crystal_walls,
          ebering_ghost_sewer_f, serial_bayou_pond_e
D:7:      layout_loops_corners, uniq_pikel
D:8:      layout_loops_ring, lair_entry_dummy, uniq_prince_ribbit1
Temple:   minmay_temple_bridge_d
Lair:1:   layout_cellular_growth, st_stairs_7

Skill      XL: |  1  2  3  4  5  6  7  8  9 10 |
---------------+-------------------------------+-----
Shields        | 3 4 |  4.2
Dodging        | 3 4 5 6 |  6.4
Unarmed Combat | 3 4 5 |  5.7
Fighting       | 3 4 5 6 |  6.2
Polearms       | 2 5 7 9 |  9.3
Stealth        | 1 2 |  2.4
Evocations     | |  0.1

Action                     |  1- 3 |  4- 6 |  7- 9 | 10-12 || total
---------------------------+-------+-------+-------+-------++-------
  Melee: Unarmed           |   120 |   147 |     3 |       ||   270
         Halberd           |       |       |   357 |   110 ||   467
 Invoke: Curse Item        |       |     2 |     3 |     1 ||     6
         Shatter the Chain |       |       |       |     1 ||     1
  Evoke: Wand              |       |       |       |     1 ||     1
    Use: Scroll            |     6 |     1 |     3 |     3 ||    13
         Potion            |     3 |     5 |     6 |     4 ||    18
   Stab: Sleeping          |     2 |       |     5 |     1 ||     8
 Armour: Robe              |    47 |    41 |    95 |     2 ||   185
         Steam dragon scal |       |       |       |    40 ||    40
         Skin              |       |       |       |     1 ||     1
  Dodge: Dodged            |    55 |    68 |   287 |   105 ||   515
  Block: Kite shield       |    45 |    59 |     2 |       ||   106

Table legend: (Time is in decaauts)
 A = Elapsed time spent in this place.
 B = Non-inter-level travel time spent in this place.
 C = Inter-level travel time spent in this place.
 D = Time resting spent in this place.
 E = Time spent auto-exploring this place.
 F = Levels seen in this place.
 G = Mean time per level.
                   A        B        C        D        E       F      G
               +--------+--------+--------+--------+--------+-----+--------+
         Total |   7747 |   7350 |    397 |    847 |   4516 |  10 |  774.7 |
       Dungeon |   7228 |   6847 |    381 |    814 |   4167 |   8 |  903.5 |
        Temple |    149 |    134 |     15 |      0 |    128 |   1 |  149.0 |
          Lair |    369 |    369 |      0 |     33 |    221 |   1 |  369.0 |
               +--------+--------+--------+--------+--------+-----+--------+

Top non-repeatable levels by time:
     D:6: 1142 daAuts
     D:4: 1118 daAuts
     D:7: 1046 daAuts
     D:1: 853 daAuts
     D:5: 815 daAuts
     D:2: 783 daAuts
     D:8: 767 daAuts
     D:3: 701 daAuts
  Lair:1: 369 daAuts
  Temple: 149 daAuts
